 Dungeon Crawl Stone Soup version 0.30-a0-782-ge64f9170bb (webtiles) character file.

Game seed: 8506681571648910130

2872 jispwoso the Cleaver (level 9, -3/78 HPs)
             Began as a Gargoyle Berserker on Mar 1, 2023.
             Was an Elder of Trog.
             Slain by a hell rat (14 damage)
             ... on level 6 of the Dungeon.
             The game lasted 00:15:21 (6246 turns).

jispwoso the Cleaver (Gargoyle Berserker)           Turns: 6246, Time: 00:15:21

Health: -3/78      AC: 22    Str: 26    XL:     9   Next: 76%
Magic:  9/9        EV:  7    Int:  7    God:    Trog [****..]
Gold:   390        SH:  0    Dex:  9    Spells: 8/8 levels left

rFire   . . .      SeeInvis .    G - +1 mace (heavy)
rCold   . . .      Faith    .    (no shield)
rNeg    + . .      Spirit   .    F - +1 plate armour
rPois   ∞          Reflect  .    (no helmet)
rElec   +          Harm     .    D - +2 cloak
rCorr   .          Rampage  .    (no gloves)
Will    ++...                    (no boots) Stlth
                                 (no amulet)
HPRegen 0.33/turn                e - ring of willpower
MPRegen 0.11/turn                c - ring of willpower

@: berserking (expiring), very quick
A: sickness immunity, AC +6, negative energy resistance 1, electricity
resistance, torment resistance 1, petrification resistance
a: Renounce Religion, Berserk, Trog's Hand, Brothers in Arms


You were on level 6 of the Dungeon.
You worshipped Trog.
Trog was greatly pleased with you.
You visited 1 branch of the dungeon, and saw 6 of its levels.
You also visited: Sewer.

You collected 390 gold pieces.

Inventory:

Hand Weapons
 a - a +2 heavy hand axe
 b - a +0 sling
 f - a +0 mace
 w - a +3 flail
 y - a +4 short sword
 z - a +0 battleaxe of electrocution
 C - a +3 quarterstaff of chaos
 E - a +0 hammer
 G - a +1 heavy mace (weapon)
Missiles
 d - 32 poisoned darts
 h - 54 stones (quivered)
Armour
 g - a +0 leather armour
 l - a +0 ring mail
 m - a +0 animal skin
 D - a +2 cloak (worn)
 F - a +1 plate armour (worn)
Jewellery
 c - a ring of willpower (right hand)
 e - a ring of willpower (left hand)
Wands
 u - a wand of iceblast (6)
Scrolls
 k - a scroll of poison
 p - 2 scrolls of fear
 r - 5 scrolls of teleportation
 t - 3 scrolls of magic mapping
 v - a scroll of blinking
 B - a scroll of fog
 H - a scroll of noise {unknown}
 J - a scroll of identify
Potions
 i - 2 potions of might {unknown}
 j - 2 potions of heal wounds {unknown}
 n - 2 potions of haste {unknown}
 o - 3 potions of attraction {unknown}
 q - 3 potions of lignification {unknown}
 s - 2 potions of cancellation {unknown}
 x - 2 potions of brilliance {unknown}
 A - a potion of invisibility {unknown}
 I - 2 potions of mutation {unknown}
 K - a potion of flight {unknown}


   Skills:
 + Level 4.3 Fighting
 - Level 10.4(10.9) Axes
 + Level 5.1(8.9) Maces & Flails
 - Level 2.1 Ranged Weapons
 + Level 3.4 Armour
 + Level 2.5 Dodging


You had 8 spell levels left.
You didn't know any spells.
Your spell library was empty.

Dungeon Overview and Level Annotations

Branches:
Dungeon (6/15)             Temple (0/1) D:6           Sewer (visited)

Altars:
Kikubaaqudgha
Xom

Shops:
D:6 (


Innate Abilities, Weirdness & Mutations

You are immune to sickness and miasma.
Your stone body is resilient. (AC +6)
You are immune to poison.
You resist negative energy. (rN+)
You are resistant to electric shocks. (rElec)
You are resistant to unholy torment.
You are immune to petrification.


Message History

You kill the river rat!
Trog accepts your kill.
The river rat bites you but does no damage.
The hell rat barely misses you.
You bludgeon the river rat!!
You kill the river rat!
Trog accepts your kill.
The hell rat bites you but does no damage.
You bludgeon the river rat!!
You kill the river rat!
Trog accepts your kill.
The hell rat bites you but does no damage.
You closely miss the hell rat. The hell rat barely misses you.
You closely miss the hell rat. The hell rat barely misses you.
The hell rat bites you.
You are too injured to fight recklessly!
You are too injured to fight recklessly!
You are too injured to fight recklessly!
You hit the hell rat but do no damage.
The hell rat bites you but does no damage.
You barely miss the hell rat. The hell rat bites you!
You sock the hell rat!
The hell rat is severely wounded.
The hell rat bites you but does no damage.
You barely miss the hell rat.
The hell rat is severely wounded.
The hell rat bites you but does no damage.
You hit the hell rat.
The hell rat is almost dead.
The hell rat bites you but does no damage.
The hell rat bites you!
* * * LOW HITPOINT WARNING * * *
You closely miss the hell rat.
The hell rat is almost dead.
The hell rat bites you.
* * * LOW HITPOINT WARNING * * *
You closely miss the hell rat.
The hell rat is almost dead.
The hell rat bites you!
You die...

.#.........#...##.....#..###..#..
...........#.####...#..#.#.......
..##.##......# #.........#......#
........###..####..##†...).......
...<....# ##..#.....#..........##
.......####......#.##.###........
...........###########†.#........
.........###....††.# #..###......
......####..##..@#...##.##.......
..#...#.#.#######r# ##.#.......
..#...##.##


rr. ##.##....... ..#...#.### #..##.###..##... ......##..## ...##..##......
#.....####.## .######.#...... ##..).#####.##### ######.##......
#...†.....##†.#.###.#.††###.#.... #..........###.#...#.####........ You could
see 2 hell rats and a river rat.

Vanquished Creatures
  2 ice beasts
  A sky beast (D:5)
  An orc warrior (D:5)
  3 black bears
  2 ogres
  5 kobold brigands (Sewer)
  3 scorpions
  A necrophage (D:4)
  7 wights
  2 howler monkeys (D:6)
  A bullfrog zombie (D:4)
  3 hounds
  A gnoll bouda (D:5)
  A human zombie (D:4)
  A jelly (D:6)
  2 orc priests (D:6)
  3 iguanas
  An orc wizard (D:5)
  3 hell rats (D:6)
  2 hound zombies (D:4)
  2 mummies (D:4)
  5 gnolls (D:5)
  13 adders
  19 river rats
  A shadow imp (D:5)
  A white imp (D:6)
  2 adder zombies (D:4)
  8 worms
  2 dart slugs
  15 orcs
  13 endoplasms
  A giant cockroach (D:3)
  6 hobgoblins
  4 jackals (D:3)
  13 kobolds
  3 quokkas
  4 ball pythons
  3 bats
  2 frilled lizards
  6 goblins
  4 rats
172 creatures vanquished.

Vanquished Creatures (collateral kills)
  Crazy Yiuf (D:5)
1 creature vanquished.

Vanquished Creatures (others)
  A fungus (D:1)
1 creature vanquished.

Grand Total: 174 creatures vanquished

Notes
Turn   | Place    | Note
-------+----------+-------------------------------------------
     0 | D:1      | jispwoso the Gargoyle Berserker began the quest for the
                  | Orb.
     0 | D:1      | Reached XP level 1. HP: 14/14 MP: 1/1
   107 | D:1      | Reached XP level 2. HP: 15/19 MP: 2/2
   180 | D:1      | Found a faded altar of an unknown god.
   508 | D:1      | Reached XP level 3. HP: 21/23 MP: 3/3
  1043 | D:2      | Found a shimmering altar of Xom.
  1088 | D:2      | Reached ** piety under Trog
  1478 | D:3      | Reached XP level 4. HP: 28/28 MP: 4/4
  1562 | D:3      | Reached skill level 1 in Axes
  1758 | D:3      | Reached skill level 1 in Ranged Weapons
  2385 | D:4      | Noticed an ice beast
  2392 | D:4      | Killed an ice beast
  2393 | D:4      | Reached skill level 3 in Axes
  2393 | D:4      | Reached XP level 5. HP: 25/32 MP: 5/5
  2487 | D:4      | Noticed an ogre
  2500 | D:4      | Killed an ogre
  2501 | D:4      | Reached XP level 6. HP: 8/37 MP: 6/6
  2926 | D:4      | Identified the +1 robe of the Big Bang {Str+3}
  2944 | D:4      | Reached skill level 4 in Axes
  3026 | D:4      | Reached XP level 7. HP: 37/41 MP: 7/7
  3041 | D:4      | Found an ancient bone altar of Kikubaaqudgha.
  3051 | D:4      | Reached skill level 5 in Axes
  3069 | D:4      | Reached *** piety under Trog
  3337 | D:5      | Entered Level 5 of the Dungeon
  3345 | D:5      | Reached skill level 6 in Axes
  3370 | D:5      | Found a glowing drain.
  3383 | Sewer    | Entered a sewer
  3858 | Sewer    | Reached XP level 8. HP: 39/46 MP: 8/8
  3925 | Sewer    | Reached skill level 7 in Axes
  4234 | D:5      | Reached skill level 8 in Axes
  4464 | D:5      | Reached **** piety under Trog
  4694 | D:5      | Reached skill level 9 in Axes
  5006 | D:5      | Found a runed translucent door.
  5007 | D:5      | Noticed Crazy Yiuf
  5024 | D:5      | Killed Crazy Yiuf
  5025 | D:5      | Reached XP level 9. HP: 51/51 MP: 9/9
  5112 | D:6      | Found Gatak's Antique Weapon Emporium.
  5336 | D:5      | Reached skill level 10 in Axes
  5728 | D:6      | Found a staircase to the Ecumenical Temple.
  6210 | D:6      | Reached skill level 5 in Maces & Flails
  6246 | D:6      | Slain by a hell rat

Illustrated notes

Levels and vault maps discovered:
D:1:      lightli_arrival_quake, layout_basic,
          shapermc_ecumenical_altar_mp_urbaneastern, hangedman_decor_growths
D:2:      layout_rooms, basic_altar
D:3:      layout_basic
D:4:      layout_basic, lemuel_mausoleum_altar_kikubaaqudgha
D:5:      layout_gridville, cheibrodos_sewer_entry_drain,
          uniq_crazy_yiuf_cottage
D:6:      wander_guarded_unrand_ratskin, layout_cave_pools, temple_green,
          serial_shops, nicolae_stop_n_shop_1, uniq_edmund

Skill      XL: |  1  2  3  4  5  6  7  8  9 |
---------------+----------------------------+-----
Maces & Flails | 4 5 |  5.1
Axes           | 3 4 6 9 10 | 10.4
Ranged Weapons | 1 2 |  2.1
Dodging        | 2 |  2.5
Fighting       | 4 |  4.3
Armour         | 3 |  3.4

Action                     |  1- 3 |  4- 6 |  7- 9 || total
---------------------------+-------+-------+-------++-------
  Melee: Mace              |    22 |       |   115 ||   137
         Hand axe          |    57 |   116 |   220 ||   393
         Punch             |       |     1 |     2 ||     3
         Battleaxe         |       |       |    21 ||    21
   Fire: Sling             |    13 |       |       ||    13
 Invoke: Berserk           |       |     1 |     3 ||     4
         Brothers in Arms  |       |       |     1 ||     1
    Use: Scroll            |     6 |     3 |     4 ||    13
   Stab: Distracted        |       |     1 |       ||     1
 Armour: Animal skin       |    16 |       |       ||    16
         Ring mail         |    22 |    68 |    97 ||   187
         Plate armour      |       |       |   155 ||   155
  Dodge: Dodged            |    68 |    74 |   174 ||   316

Table legend: (Time is in decaauts)
 A = Elapsed time spent in this place.
 B = Non-inter-level travel time spent in this place.
 C = Inter-level travel time spent in this place.
 D = Time resting spent in this place.
 E = Time spent auto-exploring this place.
 F = Levels seen in this place.
 G = Mean time per level.
                   A        B        C        D        E       F      G
               +--------+--------+--------+--------+--------+-----+--------+
         Total |   6692 |   6583 |    109 |    805 |   3985 |   7 |  956.0 |
       Dungeon |   5653 |   5544 |    109 |    662 |   3391 |   6 |  942.2 |
         Sewer |   1039 |   1039 |      0 |    142 |    593 |   1 | 1039.0 |
               +--------+--------+--------+--------+--------+-----+--------+

Top non-repeatable levels by time:
     D:5: 1469 daAuts
     D:4: 1154 daAuts
   Sewer: 1039 daAuts
     D:1: 946 daAuts
     D:3: 890 daAuts
     D:6: 697 daAuts
     D:2: 495 daAuts
